 Dungeon Crawl Stone Soup version 0.18.1-5-g4a78601 (webtiles) character file.

5518 pipel the Protected (level 11, 0/86 HPs)
             Began as a Formicid Chaos Knight on May 14, 2016.
             Slain by a gargoyle
             ... wielding a +0 flail
              (5 damage)
             ... on level 12 of the Dungeon.
             The game lasted 00:23:00 (8175 turns).

pipel the Protected (Formicid Chaos Knight)         Turns: 8175, Time: 00:23:01

Health: 0/86       AC:  9    Str: 20      XL:     11   Next: 1%
Magic:  10/10      EV: 14    Int: 12      God:    Xom [*.....]
Gold:   446        SH:  0    Dex:  9 (10) Spells: 1 memorised, 9 levels left

rFire  . . .     SeeInvis +     m - +6 quarterstaff (chaos)
rCold  . . .     Gourm    .     o - +3 leather armour
rNeg   . . .     Faith    .     (no shield)
rPois  .         Spirit   .     (helmet unavailable)
rElec  .         Dismiss  .     n - +0 cloak
rCorr  .         Reflect  .     L - +0 pair of gloves {archery}
SustAt .         Harm     .     (no boots)
MR     +....                    s - amulet of magic regeneration
Stlth  +++.......               (no ring)
                                (no ring)

@: somewhat resistant to hostile enchantments, fairly stealthy
A: permanent stasis, dig shafts and tunnels, four strong arms, antennae 3,
deterioration 1, low mp 1, wild magic 1
a: Dig, Shaft Self, Renounce Religion


You were on level 12 of the Dungeon.
You worshipped Xom.
You were a special plaything of Xom.
You were hungry.

You visited 1 branch of the dungeon, and saw 13 of its levels.

You collected 446 gold pieces.

Inventory:

Hand Weapons
 a - a +0 hand axe of chaos
 m - a +6 quarterstaff of chaos (weapon)
 p - a +1 flail of protection
 u - a +2 quarterstaff of distortion
 y - a +0 morningstar
Missiles
 j - 17 poisoned needles
 k - 8 needles of sleeping
Armour
 b - a +2 leather armour
 g - a +0 scale mail
 n - a +0 cloak (worn)
 o - a +3 leather armour (worn)
 H - a +2 robe of magic resistance
 L - a +0 pair of gloves of archery (worn)
Jewellery
 s - an amulet of magic regeneration (around neck)
Wands
 l - a wand of confusion (8/48)
 q - a wand of flame (4/48)
 z - a wand of acid (0/15)
Scrolls
 d - a scroll of fog
 e - 5 scrolls of identify
 f - 3 scrolls of magic mapping
 J - a scroll of remove curse
Potions
 i - a potion of brilliance
 B - a potion of flight
Books
 r - a book of the Warp

   Spells                             Type                      Level
   a - Recall                         Summoning/Translocation      3
   b - Gell's Gravitas                Hexes/Translocation          3
   c - Force Lance                    Conjuration/Translocation    4
   d - Warp Weapon                    Charms/Translocation         5
   e - Summon Forest                  Summoning/Translocation      5
 I - a book of Necromancy

   Spells                             Type                      Level
   a - Pain                           Necromancy                   1
   b - Animate Skeleton               Necromancy                   1
   c - Vampiric Draining              Necromancy                   3
   d - Regeneration                   Charms/Necromancy            3
   e - Animate Dead                   Necromancy                   4
   f - Control Undead                 Necromancy                   4
Comestibles
 c - 5 bread rations
 h - 6 meat rations
 t - a royal jelly
 v - 3 chunks of flesh


   Skills:
 - Level 7.8 Fighting
 - Level 3.7 Axes
 - Level 6.6 Staves
 - Level 0.6 Throwing
 - Level 8.6 Armour
 - Level 6.6 Dodging
 + Level 7.4 Stealth
 - Level 2.0 Necromancy
 - Level 1.3 Evocations


You had 9 spell levels left.
You knew the following spells:

 Your Spells              Type           Power        Failure   Level  Hunger
a - Animate Skeleton      Necr           N/A          24%         1    ##.....


Dungeon Overview and Level Annotations

Branches:
Dungeon (13/15)            Temple (0/1) D:6            Lair (0/8) D:10
    Orc: D:9-12      Vaults: D:13-14

Altars:
Dithmenos
Qazlal
Ru
Sif Muna
Trog
Vehumet
Xom
The Shining One

Annotations:
D:8 exclusion: blink frog


Innate Abilities, Weirdness & Mutations

You are under a permanent stasis effect.
You can dig through walls and to a lower floor.
Your four strong arms can wield two-handed weapons with a shield.
You have a pair of large antennae on your head (SInv).
Your body sometimes deteriorates upon taking damage.
Your magical capacity is low (-10% MP).
Your spells are a little harder to cast, but a little more powerful.


Message History

You hit the gargoyle but do no damage.
The gargoyle is severely damaged.
The gargoyle closely misses you.
You hit the gargoyle but do no damage.
The gargoyle is severely damaged.
The gargoyle hits you with a flail!
* * * LOW HITPOINT WARNING * * *
You take 10 damage, and have 17/86 hp.
You hit the gargoyle but do no damage.
The gargoyle is severely damaged.
The gargoyle hits you with a flail!
* * * LOW HITPOINT WARNING * * *
Your body deteriorates!
You feel clumsy. The gargoyle barely misses you.
You take 12 damage, and have 5/86 hp.
You hit the gargoyle but do no damage.
The gargoyle is severely damaged.
The gargoyle hits you with a flail.
You die...
Xom chortles!

##{## ##.## ##.## ###.##
.. #....## ... ###.9...#
##...
#####.......###.....
#...#.......#......#
######..@#......##......#
.........9...............
.....................8...
.........................
.................8.8.8...
.....................)...
.........................
.........................
....................?....


You could see a gargoyle.

Vanquished Creatures
  A great orb of eyes (D:12)
  Erica (D:8)
  A queen bee (D:9)
  A troll (D:13)
  Prince Ribbit (D:6)
  Sigmund (D:6)
  Eustachio (D:5)
  Menkaure (D:6)
  2 ice beasts (D:9)
  An orc warrior (D:9)
  2 wasps (D:12)
  2 phantoms
  A centaur (D:8)
  2 giant frogs
  A gnoll sergeant (D:7)
  3 scorpions
  7 killer bees (D:9)
  5 crimson imps
  A giant frog zombie (D:6)
  Crazy Yiuf (D:2)
  2 giant frog skeletons
  2 hounds (D:9)
  2 centaur skeletons
  3 iguanas
  Ijyb (D:3)
  Terence (D:3)
  An orc wizard (D:8)
  Natasha (twice) (D:3)
  7 worker ants
  A hound zombie (D:7)
  A hound skeleton (D:8)
  A worker ant zombie (D:6)
  Robin (D:2)
  8 gnolls
  A howler monkey skeleton (D:9)
  11 adders
  3 shadow imps
  An ooze (D:3)
  An adder zombie (D:7)
  A worm (D:9)
  2 dart slugs
  2 giant geckos
  11 orcs
  3 ball pythons
  7 giant cockroaches
  18 goblins
  10 hobgoblins
  23 jackals
  3 kobolds (D:1)
  2 quokkas
  3 bats
  A giant gecko skeleton (D:6)
  A giant gecko zombie (D:9)
  4 giant newts
  2 goblin skeletons (D:5)
  2 goblin zombies (D:5)
  2 hobgoblin zombies (D:5)
  A jackal zombie (D:7)
  2 kobold skeletons (D:5)
  An orc skeleton (D:5)
  An orc zombie (D:5)
  A quokka skeleton (D:4)
  8 rats
197 creatures vanquished.

Vanquished Creatures (collateral kills)
  A gnoll (D:8)
  A kobold skeleton (D:5)
2 creatures vanquished.

Vanquished Creatures (others)
  Erolcha (D:8)
  2 gnolls (D:7)
  An orc (D:9)
4 creatures vanquished.

Grand Total: 203 creatures vanquished

Notes
Turn   | Place    | Note
--------------------------------------------------------------
     0 | D:1      | pipel the Formicid Chaos Knight began the quest for the Orb.
     0 | D:1      | Reached XP level 1. HP: 18/18 MP: 1/1
   119 | D:1      | Reached XP level 2. HP: 19/24 MP: 2/2
   165 | D:1      | XOM: harmless Erth miscast
   201 | D:1      | Reached skill level 1 in Dodging
   279 | D:1      | XOM: divination: magic mapping
   382 | D:1      | Reached XP level 3. HP: 24/30 MP: 3/3
   611 | D:1      | XOM: colour smoke trail
   822 | D:2      | XOM: cast spell 'Call Canine Familiar'
   951 | D:2      | XOM: harmless Trmt miscast
   952 | D:2      | Reached XP level 4. HP: 30/37 MP: 4/4
   960 | D:2      | Noticed Robin
   960 | D:2      | XOM: divination: detect items
   964 | D:2      | XOM: divination: magic mapping
  1195 | D:3      | XOM: scenery: create altars
  1277 | D:2      | XOM: scenery: create altars
  1525 | D:2      | Killed Robin
  1525 | D:2      | Reached XP level 5. HP: 40/43 MP: 5/5
  1525 | D:2      | XOM: cast spell 'Chain of Chaos'
  1536 | D:2      | Reached skill level 3 in Armour
  1670 | D:2      | Noticed Crazy Yiuf
  1683 | D:2      | XOM: swap monsters
  1686 | D:2      | Killed Crazy Yiuf
  1832 | D:2      | XOM: give mutations
  1832 | D:2      | Gained mutation: Scrolls take you a little longer to read. [Xom's mischief]
  1832 | D:2      | Lost mutation: Scrolls take you a little longer to read. [Xom's mischief]
  1832 | D:2      | Gained mutation: Your magical capacity is low (-10% MP). [Xom's mischief]
  1832 | D:2      | Gained mutation: Your body sometimes deteriorates upon taking damage. [Xom's mischief]
  1849 | D:3      | Found a stormy altar of Qazlal.
  1860 | D:3      | Noticed Ijyb
  1865 | D:3      | Killed Ijyb
  1865 | D:3      | Reached skill level 1 in Stealth
  1979 | D:3      | Noticed Terence
  1987 | D:3      | Killed Terence
  1987 | D:3      | Reached XP level 6. HP: 43/49 MP: 5/5
  2000 | D:3      | XOM: mild Tloc miscast
  2001 | D:3      | Noticed a spatial vortex
  2241 | D:3      | XOM: harmless Fire miscast
  2303 | D:3      | Noticed Natasha
  2306 | D:3      | Killed Natasha
  2306 | D:3      | Reached skill level 4 in Armour
  2639 | D:3      | Noticed Natasha
  2646 | D:3      | Killed Natasha
  2680 | D:4      | XOM: harmless Hex miscast
  2927 | D:4      | Reached skill level 1 in Staves
  2953 | D:4      | XOM: mild Pois miscast
  3066 | D:5      | Entered Level 5 of the Dungeon
  3073 | D:5      | Found a glowing golden altar of the Shining One.
  3076 | D:5      | Noticed Eustachio
  3076 | D:5      | XOM: summons friendly shadow imp
  3080 | D:5      | Reached XP level 7. HP: 54/55 MP: 6/6
  3083 | D:5      | XOM: noise
  3105 | D:5      | XOM: summons 3 hostile demons
  3254 | D:5      | Killed Eustachio
  3254 | D:5      | Reached skill level 5 in Armour
  3379 | D:5      | Reached skill level 5 in Fighting
  3403 | D:5      | Found a deep blue altar of Sif Muna.
  3448 | D:5      | Found a sacrificial altar of Ru.
  3520 | D:5      | Found a sacrificial altar of Ru.
  3567 | D:5      | XOM: stat loss: -1 Int (10/11)
  3711 | D:6      | Noticed Sigmund
  3717 | D:6      | XOM: enchant monster (good)
  3721 | D:6      | XOM: blink monster(s)
  3725 | D:6      | Killed Sigmund
  3725 | D:6      | Reached XP level 8. HP: 37/62 MP: 7/7
  4106 | D:6      | Noticed Prince Ribbit
  4112 | D:6      | Killed Prince Ribbit
  4112 | D:6      | Reached skill level 6 in Armour
  4227 | D:6      | Found a staircase to the Ecumenical Temple.
  4229 | D:6      | Noticed Menkaure
  4238 | D:6      | Killed Menkaure
  4536 | D:7      | Found a radiant altar of Vehumet.
  4615 | D:7      | Reached XP level 9. HP: 43/69 MP: 8/8
  5013 | D:7      | XOM: destruction
  5021 | D:7      | XOM: fog
  5026 | D:7      | Reached skill level 7 in Armour
  5143 | D:7      | Found a shadowy altar of Dithmenos.
  5296 | D:7      | Reached skill level 5 in Dodging
  5326 | D:8      | XOM: noise
  5341 | D:8      | XOM: enchant monster (good)
  5575 | D:8      | XOM: mild Erth miscast
  5750 | D:8      | XOM: mild Fire miscast
  5771 | D:8      | XOM: mild Pois miscast
  6006 | D:8      | XOM: enchant monster (bad)
  6036 | D:8      | Noticed Erica
  6045 | D:8      | XOM: summons 7 friendly demons
  6049 | D:8      | Killed Erica
  6049 | D:8      | Reached skill level 5 in Staves
  6049 | D:8      | Reached skill level 8 in Armour
  6249 | D:8      | Noticed a blink frog
  6249 | D:8      | an ice beast changed into a blink frog
  6249 | D:8      | XOM: polymorph ice beast -> blink frog
  6259 | D:8      | Noticed Erolcha
  6275 | D:8      | Killed Erolcha
  6275 | D:8      | Reached XP level 10. HP: 13/79 MP: 9/9
  6284 | D:8      | Noticed a swamp dragon
  6286 | D:8      | Noticed a guardian serpent
  6286 | D:8      | a swamp dragon changed into a guardian serpent
  6589 | D:9      | Found a bloodstained altar of Trog.
  6612 | D:9      | Learned a level 1 spell: Animate Skeleton
  6675 | D:9      | Reached skill level 1 in Necromancy
  6695 | D:9      | XOM: noise
  6703 | D:9      | XOM: mild Hex miscast
  6715 | D:9      | Reached skill level 1 in Evocations
  6851 | D:9      | XOM: confusion (+ monsters)
  6990 | D:9      | Gained mutation: Your spells are a little harder to cast, but a little more powerful. [potion of beneficial mutation]
  6991 | D:9      | XOM: mild Trmt miscast
  7000 | D:9      | XOM: cast spell 'Spider Form'
  7003 | D:9      | XOM: enchant monster (bad)
  7007 | D:9      | XOM: blink monster(s)
  7031 | D:9      | XOM: enchant monster (good)
  7044 | D:9      | You fall through a shaft for 2 floors!
  7053 | D:10     | Entered Level 10 of the Dungeon
  7053 | D:10     | Found a staircase to the Lair.
  7053 | D:10     | Noticed a hill giant
  7053 | D:10     | XOM: summons friendly crimson imp
  7058 | D:10     | XOM: harmless Trmt miscast
  7060 | D:10     | You fall through a shaft for 3 floors!
  7072 | D:13     | XOM: smoke on damage
  7401 | D:13     | XOM: silly message
  8024 | D:12     | Noticed a white ugly thing
  8041 | D:12     | Noticed a great orb of eyes
  8041 | D:12     | a white ugly thing changed into a great orb of eyes
  8041 | D:12     | XOM: polymorph white ugly thing -> great orb of eyes
  8052 | D:12     | Killed a great orb of eyes
  8120 | D:12     | XOM: confusion
  8132 | D:12     | XOM: noise
  8135 | D:12     | Reached XP level 11. HP: 53/86 MP: 10/10
  8136 | D:12     | XOM: mild Summ miscast
  8175 | D:12     | Slain by a gargoyle

Skill      XL: |  1  2  3  4  5  6  7  8  9 10 |
---------------+-------------------------------+-----
Dodging        | 1 2 3 4 6 |  6.6
Fighting       | 4 5 7 |  7.8
Armour         | 3 4 5 6 8 |  8.6
Stealth        | 1 2 3 7 |  7.4
Staves         | 1 2 3 6 |  6.6
Necromancy     | 2 |  2.0
Evocations     | 1 |  1.3
Axes           | |  3.7
Throwing       | |  0.6

Action                   |  1- 3 |  4- 6 |  7- 9 | 10-12 || total
-------------------------+-------+-------+-------+-------++-------
Melee: Hand axe          |   102 |    79 |       |       ||   181
       Quarterstaff      |       |    95 |   219 |   104 ||   418
       Unarmed           |       |       |       |    29 ||    29
Throw: Throwing net      |       |       |     1 |       ||     1
 Cast: Animate Skeleton  |       |       |       |     2 ||     2
 Abil: Dig               |       |       |     5 |     4 ||     9
       Shaft Self        |       |       |       |     2 ||     2
Evoke: Wand              |       |       |     3 |    19 ||    22
  Use: Potion            |       |     4 |     4 |     6 ||    14
       Scroll            |       |       |     9 |     4 ||    13
 Stab: Confused          |       |     3 |       |     1 ||     4
       Paralysed         |       |       |       |     3 ||     3
       Sleeping          |       |       |       |     3 ||     3
  Eat: Chunk             |       |     7 |    11 |     4 ||    22
       Pizza             |       |       |       |     1 ||     1
       Beef jerky        |       |       |       |     1 ||     1
Armor: Leather armour    |    12 |       |     5 |    32 ||    49
       Scale mail        |    40 |   104 |   105 |       ||   249
       Skin              |       |       |       |     1 ||     1
Dodge: Dodged            |    58 |   102 |   156 |   204 ||   520
